Map: Stałe Połączenie ER

Players

Hubert - Winner!

  • Race: Terran Terran

VOD

Have the link to the VOD?

Description

Time

  • Played on: Oct. 28, 2021, 10:26 a.m.
  • Length: 9:10
Show
View Real Time Build Order
Export as new Build Order

Hubert Terran - Winner!

Build Orders:  

Get SALT Encoding   

  12  0:06  SCV  
  13  0:24  Supply Depot  
  13  0:25  SCV  
  14  0:42  SCV  
  15  0:59  SCV  
  16  1:03  Barracks  
  16  1:16  SCV  
  17  1:33  SCV  
  17  1:38  Barracks  
  18  1:49  Barracks  
  18  1:50  SCV  
  19  2:00  Supply Depot  
  19  2:15  Marine  
  19  2:19  SCV  
  21  2:36  SCV  
  21  2:37  Barracks  
  22  2:40  Marine  
  23  2:52  SCV  
  24  3:04  Marine x2  
  24  3:05  Marine  
  27  3:20  Supply Depot  
  27  3:23  Supply Depot  
  27  3:29  Marine x3  
  30  3:54  Marine x3  
  33  4:04  Orbital Command  
  33  4:19  Command Center  
  33  4:24  Marine x2  
  35  4:53  Marine x2  
  35  4:54  Marine x2  
  39  5:14  SCV  
  39  5:18  Marine x2  
  39  5:19  Marine x2  
  44  5:31  SCV  
  44  5:37  Barracks  
  45  5:44  Marine  
  45  5:45  Marine  
  47  5:55  Supply Depot  
  47  5:59  Marine x2  
  49  6:03  Supply Depot  
  49  6:09  Marine  
  38  6:10  Marine  
  51  6:22  SCV x2  
  51  6:24  Marine x2  
  55  6:34  Marine x2  
  55  6:39  SCV x2  
  59  6:42  Marine  
  59  6:49  Marine x2  
  62  6:55  SCV  
  62  6:56  SCV  
  62  6:59  Marine x2  
  66  7:07  Marine  
  67  7:12  SCV  
  67  7:13  SCV  
  67  7:14  Marine x2  
  71  7:24  Marine x2  
  71  7:29  SCV  
  46  7:30  SCV  
  74  7:32  Marine  
  74  7:39  Marine x2  
  78  7:41  Barracks  
  77  8:08  Marine  
  78  8:16  Supply Depot  
  78  8:21  Supply Depot  
  78  8:40  Unknown  
  78  8:46  SCV x2  
  84  8:57  Supply Depot  
Tags
 
Add a new tag
Caveats
  • Supply blocks, unpowered buildings, or Contaminate may cause inaccurate times.
  • Supply counts are checked every 10 seconds.